Admirals vs Reign
Created - May 22, 2021 at 19:10
Goals
|
Admirals |
3 |
1 |
1 |
0 |
5 |
Reign |
3 |
1 |
1 |
1 |
6 |
|
Shots
|
Admirals |
11 |
8 |
4 |
1 |
24 |
Reign |
8 |
6 |
12 |
2 |
28 |
|
1st period
1. Admirals , Nicolas Deslauriers 2 (Lucas Wallmark 1, Brett Connolly 2) at 5:23
2. Reign , Josh Manson 1 (Daultan Leveillé 4, Mikko Rantanen 10) at 5:57
3. Reign , Lars Eller 3 (Nikita Zadorov 2, Mikko Rantanen 11) at 10:33
4. Admirals , Nicolas Kerdiles 4 (Joel Armia 3, Scott Laughton 6) at 12:54
5. Admirals , Blake Geoffrion 4 (Markus Granlund 3, Mark McNeill 4) at 14:09
6. Reign , Alex Iafallo 3 (Mikko Rantanen 12, Zach Werenski 6) at 14:44
Penalties :
No Penalty
2nd period
7. Admirals , Lucas Wallmark 1 (Nicolas Deslauriers 2, Mat Clark 6) at 8:15
8. Reign , Jonathan Drouin 5 (Mikko Rantanen 13) at 15:41 (PP)
Penalties :
Ryan Hartman (Ont) for Holding (Minor) at 0:22, Scott Laughton (Mil) for Slashing (Minor) at 8:20, Daultan Leveillé (Ont) for Tripping (Minor) at 9:04, Chris Lawrence (Mil) for Tripping (Minor) at 15:30
3rd period
9. Reign , Brendan Lemieux 3 (Griffin Reinhart 6, Josh Manson 6) at 1:57
10. Admirals , Scott Laughton 1 (Joel Armia 4) at 2:01
Penalties :
Nicolas Kerdiles (Mil) for Diving (Minor) at 2:19, Mattias Backman (Mil) for Interference (Minor) at 7:37
Overtime #1
11. Reign , Jonathan Drouin 6 (Zach Werenski 7) at 0:21
Penalties :
No Penalty
Goalie Stats
Niklas Svedberg (Mil), 22 saves from 28 shots - (0.786), OTL, 4-0-1, 60:21 minutes
Jake Allen (Ont), 19 saves from 24 shots - (0.792), W, 3-0-0, 60:21 minutes
Players Stats for Admirals
Player Name G A P +/- PIM S H SB GA TA FO MP PP MP PK MP
------------------------------------------------------------------------------------
Andreas Englund 0 0 0 0 0 1 1 0 0 0 0/0 13:56 0:00 1:59
Anton Gustafsson 0 0 0 -3 0 1 2 1 0 1 3/10 14:18 0:00 3:11
Blake Geoffrion 1 0 1 0 0 2 0 0 0 0 0/0 15:45 0:50 0:00
Brett Connolly 0 1 1 2 0 1 1 0 0 0 0/0 9:06 0:00 0:00
Carl Dahlstrom 0 0 0 1 0 0 0 2 0 0 0/0 7:16 0:00 0:00
Chris Lawrence 0 0 0 -3 2 0 0 0 0 0 0/0 11:38 0:50 0:00
Freddie Hamilton 0 0 0 0 0 0 0 0 0 0 0/2 1:39 0:44 0:00
Hunter Shinkaruk 0 0 0 -3 0 0 0 1 0 0 0/0 10:47 0:00 0:06
Joel Armia 0 2 2 1 0 1 0 0 1 0 0/1 17:08 1:09 0:00
Josh Morrissey 0 0 0 0 0 2 1 0 0 1 0/0 24:27 2:00 2:54
Lucas Wallmark 1 1 2 2 0 2 0 1 0 0 2/3 11:02 0:00 1:41
Mark McNeill 0 1 1 0 0 1 1 1 0 0 1/1 15:35 0:00 0:00
Markus Granlund 0 1 1 0 0 3 4 0 0 0 7/8 16:33 0:50 0:33
Mat Clark 0 1 1 0 0 0 3 1 1 0 0/0 24:27 2:00 2:54
Mattias Backman 0 0 0 0 2 0 0 2 0 0 0/0 11:36 0:00 0:00
Nicolas Deslauriers 1 1 2 2 0 2 2 0 1 1 0/0 11:49 0:00 1:58
Nicolas Kerdiles 1 0 1 1 2 4 3 1 0 0 0/0 20:30 1:53 1:46
Scott Laughton 1 1 2 1 2 4 4 0 0 0 11/25 18:40 1:53 0:31
T.J Brodie 0 0 0 -1 0 0 1 1 0 1 0/0 17:23 0:43 1:59
Travis Dermott 0 0 0 -1 0 0 0 0 0 0 0/0 14:42 0:43 0:00
Trevor Van Riemsdyk 0 0 0 1 0 0 0 1 0 2 0/0 7:16 0:00 0:00
Players Stats for Reign
Player Name G A P +/- PIM S H SB GA TA FO MP PP MP PK MP
------------------------------------------------------------------------------------
Alex Iafallo 1 0 1 -1 0 2 1 0 0 0 0/1 18:06 2:33 0:23
Brendan Lemieux 1 0 1 -1 0 2 0 0 0 0 2/2 16:28 2:20 0:33
Daultan Leveillé 0 1 1 -1 2 0 4 2 0 0 11/17 18:09 2:32 0:25
Derek Forbort 0 0 0 0 0 0 0 0 0 0 0/0 8:06 0:00 0:48
Dmitri Orlov 0 0 0 -1 0 0 0 2 0 0 0/0 13:49 2:05 0:48
Griffin Reinhart 0 1 1 -1 0 2 1 1 1 1 0/0 20:04 2:48 0:00
Jonathan Drouin 2 0 2 2 0 2 4 0 1 0 4/8 16:23 2:20 0:00
Jordan Greenway 0 0 0 0 0 0 1 0 0 0 0/0 9:34 0:00 0:00
Josh Anderson 0 0 0 0 0 0 0 0 1 0 0/0 8:47 0:00 0:00
Josh Manson 1 1 2 -1 0 1 0 1 0 0 0/0 18:49 0:00 1:24
Kurtis Macdermid 0 0 0 0 0 0 0 0 0 0 0/0 7:18 0:00 0:00
Lars Eller 1 0 1 2 0 2 2 0 0 0 3/10 13:17 0:00 0:15
Mark Stone 0 0 0 -1 0 4 1 2 2 0 1/1 15:12 0:00 0:13
Matt Roy 0 0 0 -1 0 0 0 0 0 1 0/0 10:29 0:00 0:00
Mike Amadio 0 0 0 0 0 2 0 0 1 0 1/2 10:17 0:00 1:42
Mikko Rantanen 0 4 4 -1 0 4 1 2 0 0 1/2 18:22 2:20 0:13
Nikita Zadorov 0 1 1 2 0 2 1 1 0 0 0/0 21:42 2:05 1:55
Ryan Hartman 0 0 0 2 2 2 1 0 0 0 0/0 16:22 2:33 0:00
Sergey Kalinin 0 0 0 -1 0 0 0 0 0 0 3/7 16:06 0:00 1:42
Zach Werenski 0 2 2 2 0 3 1 0 0 1 0/0 20:25 2:48 0:31
3 Stars
1 - Jonathan Drouin (Ont)
2 - Nicolas Deslauriers (Mil)
3 - Mikko Rantanen (Ont)
Power Play
Admirals - 0 on 2 Attempt(s) - 0.00%
Reign - 1 on 4 Attempt(s) - 25.00%
Penalty Kill
Admirals - 3 on 4 Attempt(s) - 75.00%
- Score 0 goal in Penalty Kill
Reign - 2 on 2 Attempt(s) - 100.00%
- Score 0 goal in Penalty Kill
Team Stat
Admirals - Hits : 23 - Faceoff Wins : 24 - Blocked Shots : 12 - Penalty Minutes : 8
Reign - Hits : 18 - Faceoff Wins : 26 - Blocked Shots : 11 - Penalty Minutes : 4
Official
Referees : Unknown
Linesman : Unknown
Game Notes
No Game Note
Finance
Level 1 -- Attendance: 2000 (100.00%) -- Ticket Income $50,000
Level 2 -- Attendance: 1000 (100.00%) -- Ticket Income $10,000
Total Attendance: 3000 (100.00%)
Total Ticket Income: $60,000
Other Income: $3,000
Total Income: $63,000
Admirals
5 vs 5 Forward
Center Left Wing Right Wing Time % Phy DF OF
1 Scott Laughton Nicolas Kerdiles Joel Armia 40 1 2 2
2 Markus Granlund Blake Geoffrion Mark McNeill 30 1 2 2
3 Anton Gustafsson Hunter Shinkaruk Chris Lawrence 20 1 2 2
4 Lucas Wallmark Nicolas Deslauriers Brett Connolly 10 1 2 2
5 vs 5 Defense
Defense Defense Time % Phy DF OF
1 Mat Clark Josh Morrissey 40 1 3 1
2 T.J Brodie Travis Dermott 30 1 2 2
3 Andreas Englund Mattias Backman 20 1 3 1
4 Carl Dahlstrom Trevor Van Riemsdyk 10 1 3 1
PowerPlay Forward
Center Left Wing Right Wing Time % Phy DF OF
1 Scott Laughton Nicolas Kerdiles Joel Armia 60 1 1 3
2 Markus Granlund Blake Geoffrion Chris Lawrence 40 1 1 3
PowerPlay Defense
Defense Defense Time % Phy DF OF
1 Mat Clark Josh Morrissey 60 1 1 3
2 T.J Brodie Travis Dermott 40 1 1 3
Penalty Kill 4 Players Forward
Center Wing Time % Phy DF OF
1 Anton Gustafsson Nicolas Kerdiles 60 1 2 2
2 Markus Granlund Nicolas Deslauriers 40 1 2 2
Penalty Kill 4 Players Defense
Defense Defense Time % Phy DF OF
1 Mat Clark Josh Morrissey 60 1 3 1
2 Andreas Englund T.J Brodie 40 1 3 1
Penalty Kill - 3 Players Forward
Forward Time % Phy DF OF
1 Anton Gustafsson 60 1 2 2
2 Mark McNeill 40 1 2 2
Penalty Kill - 3 Players Defense
Defense Defense Time % Phy DF OF
1 Mat Clark Josh Morrissey 60 1 3 1
2 Andreas Englund T.J Brodie 40 1 3 1
4 vs 4 Forward
Center Wing Time % Phy DF OF
1 Scott Laughton Nicolas Kerdiles 60 1 2 2
2 Markus Granlund Blake Geoffrion 40 1 2 2
4 vs 4 Defense
Defense Defense Time % Phy DF OF
1 Mat Clark Josh Morrissey 60 1 2 2
2 T.J Brodie Travis Dermott 40 1 2 2
Last Minutes Offensive
Center Left Wing Right Wing Defense Defense
Scott Laughton Nicolas Kerdiles Joel Armia Josh Morrissey Travis Dermott
Last Minutes Defensive
Center Left Wing Right Wing Defense Defense
Markus Granlund Nicolas Deslauriers Mark McNeill Andreas Englund T.J Brodie
Goaltenders
Starting : Niklas Svedberg
Backup : Tristan Jarry
Extra Forwards
Normal : Freddie Hamilton, Anton Gustafsson, Mark McNeill - PP : Freddie Hamilton, Anton Gustafsson - PK : Lucas Wallmark
Extra Defensemen
Normal : Trevor Van Riemsdyk, Josh Morrissey, Mattias Backman - PP : Trevor Van Riemsdyk - PK : Trevor Van Riemsdyk, Mattias Backman
Penalty Shots
Markus Granlund, Scott Laughton, Blake Geoffrion, Anton Gustafsson, Hunter Shinkaruk
Scratches
Ryan Olsen (Healthy), Adam Almquist (Healthy), Sergei Zborovskiy (Healthy), Filip Chlapik (Healthy), Stanislav Galiev (Healthy)
Mark MacMillan (Healthy), Troy Bourke (Healthy), Alexandre Mallet (Healthy), Riley Barber (Healthy), Christian Djoos (Healthy)
Josh Wesley (Healthy), Linus Ullmark (Healthy), Felix Sanstrom (Healthy)
Reign
5 vs 5 Forward
Center Left Wing Right Wing Time % Phy DF OF
1 Daultan Leveillé Alex Iafallo Mikko Rantanen 35 1 2 2
2 Lars Eller Jonathan Drouin Ryan Hartman 30 1 2 2
3 Sergey Kalinin Brendan Lemieux Mark Stone 30 1 2 2
4 Mike Amadio Jordan Greenway Josh Anderson 5 1 2 2
5 vs 5 Defense
Defense Defense Time % Phy DF OF
1 Griffin Reinhart Josh Manson 35 1 3 1
2 Nikita Zadorov Zach Werenski 35 1 3 1
3 Dmitri Orlov Matt Roy 20 1 3 1
4 Kurtis Macdermid Derek Forbort 10 1 3 1
PowerPlay Forward
Center Left Wing Right Wing Time % Phy DF OF
1 Jonathan Drouin Brendan Lemieux Mikko Rantanen 60 1 2 2
2 Daultan Leveillé Alex Iafallo Ryan Hartman 40 1 2 2
PowerPlay Defense
Defense Defense Time % Phy DF OF
1 Griffin Reinhart Zach Werenski 60 1 2 2
2 Dmitri Orlov Nikita Zadorov 40 1 2 2
Penalty Kill 4 Players Forward
Center Wing Time % Phy DF OF
1 Sergey Kalinin Mike Amadio 60 1 3 1
2 Daultan Leveillé Ryan Hartman 40 1 3 1
Penalty Kill 4 Players Defense
Defense Defense Time % Phy DF OF
1 Nikita Zadorov Josh Manson 60 1 4 0
2 Derek Forbort Dmitri Orlov 40 1 4 0
Penalty Kill - 3 Players Forward
Forward Time % Phy DF OF
1 Sergey Kalinin 60 2 3 0
2 Daultan Leveillé 40 2 3 0
Penalty Kill - 3 Players Defense
Defense Defense Time % Phy DF OF
1 Josh Manson Nikita Zadorov 60 1 4 0
2 Derek Forbort Dmitri Orlov 40 1 4 0
4 vs 4 Forward
Center Wing Time % Phy DF OF
1 Jonathan Drouin Ryan Hartman 60 1 2 2
2 Mikko Rantanen Mark Stone 40 1 2 2
4 vs 4 Defense
Defense Defense Time % Phy DF OF
1 Nikita Zadorov Zach Werenski 60 1 2 2
2 Josh Manson Griffin Reinhart 40 1 2 2
Last Minutes Offensive
Center Left Wing Right Wing Defense Defense
Daultan Leveillé Jonathan Drouin Mikko Rantanen Griffin Reinhart Zach Werenski
Last Minutes Defensive
Center Left Wing Right Wing Defense Defense
Daultan Leveillé Brendan Lemieux Ryan Hartman Nikita Zadorov Josh Manson
Goaltenders
Starting : Jake Allen
Backup : Elvis Merzlikins
Extra Forwards
Normal : Mikko Rantanen, Ryan Hartman, Mark Stone - PP : Mark Stone, Mike Amadio - PK : Brendan Lemieux
Extra Defensemen
Normal : Zach Werenski, Josh Manson, Nikita Zadorov - PP : Matt Roy - PK : Zach Werenski, Griffin Reinhart
Penalty Shots
Lars Eller, Mikko Rantanen, Mark Stone, Daultan Leveillé, Ryan Hartman
Scratches
Jacob Josefson (Healthy), Jordan Weal (Healthy), Blake Lizotte (Healthy), Bokondji Imama (Healthy), Joel Vermin (Healthy)
Cal Petersen (Healthy)
% Time on Ice - Admirals
Lines # - Real PCT - Wanted PCT - Time Play
Normal Forward
1 - 33% - 40% - 17:10
2 - 29% - 30% - 14:55
3 - 20% - 20% - 10:19
4 - 18% - 10% - 9:06
Normal Defense
1 - 36% - 40% - 18:42
2 - 28% - 30% - 14:17
3 - 22% - 20% - 11:15
4 - 14% - 10% - 7:16
PP Forward
1 - 69% - 60% - 1:53
2 - 31% - 40% - 0:50
PP Defense
1 - 74% - 60% - 2:00
2 - 26% - 40% - 0:43
PK Forward
1 - 90% - 60% - 4:23
2 - 10% - 40% - 0:30
PK Defense
1 - 59% - 60% - 2:54
2 - 41% - 40% - 1:59
PK3 Forward
1 - 0% - 60%
2 - 0% - 40%
PK3 Defense
1 - 0% - 60%
2 - 0% - 40%
44 Forward
1 - 100% - 60% - 1:15
2 - 0% - 40% - 0:00
44 Defense
1 - 68% - 60% - 0:51
2 - 32% - 40% - 0:24
Last Minute Offensive - 0:00
Last Minute Defensive - 0:00
Total
Forward - 60:21
Defense - 60:21
|
% Time on Ice - Reign
Lines # - Real PCT - Wanted PCT - Time Play
Normal Forward
1 - 31% - 35% - 15:52
2 - 26% - 30% - 13:22
3 - 27% - 30% - 13:45
4 - 17% - 5% - 8:31
Normal Defense
1 - 33% - 35% - 16:52
2 - 33% - 35% - 16:51
3 - 20% - 20% - 10:29
4 - 14% - 10% - 7:18
PP Forward
1 - 48% - 60% - 2:20
2 - 52% - 40% - 2:33
PP Defense
1 - 57% - 60% - 2:48
2 - 43% - 40% - 2:05
PK Forward
1 - 77% - 60% - 2:05
2 - 23% - 40% - 0:38
PK Defense
1 - 71% - 60% - 1:55
2 - 29% - 40% - 0:48
PK3 Forward
1 - 0% - 60%
2 - 0% - 40%
PK3 Defense
1 - 0% - 60%
2 - 0% - 40%
44 Forward
1 - 72% - 60% - 0:54
2 - 28% - 40% - 0:21
44 Defense
1 - 52% - 60% - 0:39
2 - 48% - 40% - 0:36
Last Minute Offensive - 0:00
Last Minute Defensive - 0:00
Total
Forward - 60:21
Defense - 60:21
|
Play-by-Play
1st period
0:01 of 1st period - Daultan Leveillé wins face-off versus Scott Laughton in neutral zone.
0:26 of 1st period - Ryan Hartman is hit by Josh Morrissey and loses puck.
0:31 of 1st period - Wrist shot by Blake Geoffrion.
0:31 of 1st period - Stopped by Jake Allen with a rebound.
0:33 of 1st period - Slapshot by Markus Granlund.
0:33 of 1st period - Stopped by Jake Allen with a rebound.
0:49 of 1st period - Snap shot by Mark Stone.
0:49 of 1st period - Stopped by Niklas Svedberg without a rebound.
0:50 of 1st period - Brendan Lemieux wins face-off versus Anton Gustafsson in Admirals zone.
1:40 of 1st period - Matt Roy is hit by Scott Laughton and loses puck.
2:03 of 1st period - Snap shot by Mike Amadio.
2:03 of 1st period - Deflect By Jordan Greenway.
2:03 of 1st period - Shot Misses the Net.
2:03 of 1st period - Puck is out of play.
2:04 of 1st period - Markus Granlund wins face-off versus Mike Amadio in Admirals zone.
2:44 of 1st period - Snap shot by Mike Amadio.
2:44 of 1st period - Stopped by Niklas Svedberg with a rebound.
3:53 of 1st period - Off-side.
3:54 of 1st period - Scott Laughton wins face-off versus Sergey Kalinin in neutral zone.
4:48 of 1st period - Snap shot by Nicolas Deslauriers.
4:48 of 1st period - Deflect By Brett Connolly.
4:48 of 1st period - Stopped by Jake Allen without a rebound.
4:49 of 1st period - Lucas Wallmark wins face-off versus Lars Eller in Reign zone.
5:23 of 1st period - Wrist shot by Nicolas Deslauriers.
5:23 of 1st period - Goal by Nicolas Deslauriers - Admirals : 1 - Reign : 0.
5:24 of 1st period - Mark Stone wins face-off versus Scott Laughton in neutral zone.
5:53 of 1st period - Snap shot by Mikko Rantanen.
5:53 of 1st period - Shot Misses the Net.
5:55 of 1st period - Snap shot by Daultan Leveillé.
5:55 of 1st period - Shot Blocked by Hunter Shinkaruk.
5:57 of 1st period - Slapshot by Josh Manson.
5:57 of 1st period - Deflect By Anton Gustafsson.
5:57 of 1st period - Goal by Josh Manson - Admirals : 1 - Reign : 1.
5:58 of 1st period - Lars Eller wins face-off versus Scott Laughton in neutral zone.
6:01 of 1st period - Mat Clark is hit by Jonathan Drouin and loses puck.
6:08 of 1st period - Lars Eller is hit by Scott Laughton and loses puck.
6:25 of 1st period - Chris Lawrence is hit by Daultan Leveillé.
7:46 of 1st period - Wrist shot by Chris Lawrence.
7:46 of 1st period - Deflect By Anton Gustafsson.
7:46 of 1st period - Shot Misses the Net.
7:46 of 1st period - Puck is out of play.
7:47 of 1st period - Daultan Leveillé wins face-off versus Anton Gustafsson in Reign zone.
9:10 of 1st period - Nikita Zadorov is hit by Anton Gustafsson.
9:40 of 1st period - Snap shot by Nicolas Kerdiles.
9:40 of 1st period - Stopped by Jake Allen without a rebound.
9:41 of 1st period - Sergey Kalinin wins face-off versus Markus Granlund in Reign zone.
10:29 of 1st period - Snap shot by Lars Eller.
10:29 of 1st period - Shot Misses the Net.
10:31 of 1st period - Slapshot by Nikita Zadorov.
10:31 of 1st period - Stopped by Niklas Svedberg with a rebound.
10:33 of 1st period - Slapshot by Lars Eller.
10:33 of 1st period - Goal by Lars Eller - Admirals : 1 - Reign : 2.
10:34 of 1st period - Scott Laughton wins face-off versus Daultan Leveillé in neutral zone.
10:39 of 1st period - Snap shot by Scott Laughton.
10:39 of 1st period - Shot Misses the Net.
11:09 of 1st period - Wrist shot by Mark Stone.
11:09 of 1st period - Shot Misses the Net.
11:27 of 1st period - Nikita Zadorov is hit by Mark McNeill and loses puck.
11:51 of 1st period - Slapshot by Nicolas Deslauriers.
11:51 of 1st period - Shot Misses the Net.
12:02 of 1st period - Off-side.
12:03 of 1st period - Daultan Leveillé wins face-off versus Scott Laughton in neutral zone.
12:06 of 1st period - Slapshot by Mikko Rantanen.
12:06 of 1st period - Shot Misses the Net.
12:14 of 1st period - Wrist shot by Mikko Rantanen.
12:14 of 1st period - Shot Misses the Net.
12:48 of 1st period - Wrist shot by Joel Armia.
12:48 of 1st period - Shot Blocked by Dmitri Orlov.
12:50 of 1st period - Snap shot by Nicolas Kerdiles.
12:50 of 1st period - Shot Misses the Net.
12:52 of 1st period - Backhand shot by Joel Armia.
12:52 of 1st period - Shot Blocked by Daultan Leveillé.
12:54 of 1st period - Wrist shot by Nicolas Kerdiles.
12:54 of 1st period - Goal by Nicolas Kerdiles - Admirals : 2 - Reign : 2.
12:55 of 1st period - Markus Granlund wins face-off versus Sergey Kalinin in neutral zone.
13:04 of 1st period - Snap shot by Mark Stone.
13:04 of 1st period - Stopped by Niklas Svedberg without a rebound.
13:05 of 1st period - Markus Granlund wins face-off versus Sergey Kalinin in Admirals zone.
13:16 of 1st period - Slapshot by Sergey Kalinin.
13:16 of 1st period - Shot Blocked by Mattias Backman.
13:36 of 1st period - Slapshot by Mark Stone.
13:36 of 1st period - Shot Blocked by Mark McNeill.
13:42 of 1st period - Brendan Lemieux is hit by Markus Granlund and loses puck.
14:09 of 1st period - Snap shot by Blake Geoffrion.
14:09 of 1st period - Goal by Blake Geoffrion - Admirals : 3 - Reign : 2.
14:10 of 1st period - Scott Laughton wins face-off versus Lars Eller in neutral zone.
14:44 of 1st period - Wrist shot by Alex Iafallo.
14:44 of 1st period - Goal by Alex Iafallo - Admirals : 3 - Reign : 3.
14:45 of 1st period - Scott Laughton wins face-off versus Lars Eller in neutral zone.
14:52 of 1st period - Wrist shot by Scott Laughton.
14:52 of 1st period - Stopped by Jake Allen without a rebound.
14:53 of 1st period - Scott Laughton wins face-off versus Lars Eller in Reign zone.
14:58 of 1st period - Wrist shot by Scott Laughton.
14:58 of 1st period - Stopped by Jake Allen with a rebound.
15:26 of 1st period - Slapshot by Anton Gustafsson.
15:26 of 1st period - Stopped by Jake Allen with a rebound.
16:02 of 1st period - Wrist shot by Brett Connolly.
16:02 of 1st period - Shot Blocked by Josh Manson.
16:42 of 1st period - Snap shot by Hunter Shinkaruk.
16:42 of 1st period - Shot Blocked by Mikko Rantanen.
16:44 of 1st period - Slapshot by Josh Morrissey.
16:44 of 1st period - Deflect By Daultan Leveillé.
16:44 of 1st period - Stopped by Jake Allen with a rebound.
17:10 of 1st period - Sergey Kalinin is hit by Mat Clark and loses puck.
17:27 of 1st period - Blake Geoffrion is hit by Mark Stone and loses puck.
18:34 of 1st period - Wrist shot by Sergey Kalinin.
18:34 of 1st period - Shot Misses the Net.
18:36 of 1st period - Snap shot by Dmitri Orlov.
18:36 of 1st period - Shot Misses the Net.
18:38 of 1st period - Wrist shot by Brendan Lemieux.
18:38 of 1st period - Stopped by Niklas Svedberg without a rebound.
18:39 of 1st period - Jonathan Drouin wins face-off versus Scott Laughton in Admirals zone.
Goals for this period are 3 for Admirals vs 3 for Reign.
Shots for this period are 11 for Admirals vs 8 for Reign.
2nd period
0:01 of 2nd period - Lars Eller wins face-off versus Scott Laughton in neutral zone.
0:22 of 2nd period - Minor Penalty to Ryan Hartman for Holding.
0:23 of 2nd period - Sergey Kalinin wins face-off versus Scott Laughton in Reign zone.
0:39 of 2nd period - Off-side.
0:40 of 2nd period - Markus Granlund wins face-off versus Sergey Kalinin in neutral zone.
2:22 of 2nd period - Penalty to Ryan Hartman is over, Ryan Hartman is back on ice.
2:33 of 2nd period - Wrist shot by Jonathan Drouin.
2:33 of 2nd period - Deflect By Ryan Hartman.
2:33 of 2nd period - Shot Misses the Net.
2:33 of 2nd period - Puck is out of play.
2:34 of 2nd period - Lucas Wallmark wins face-off versus Lars Eller in Admirals zone.
2:34 of 2nd period - Lucas Wallmark is hit by Ryan Hartman.
2:49 of 2nd period - Brett Connolly is hit by Lars Eller and loses puck.
3:02 of 2nd period - Dmitri Orlov is hit by Andreas Englund and loses puck.
3:11 of 2nd period - Slapshot by Brett Connolly.
3:11 of 2nd period - Shot Blocked by Dmitri Orlov.
3:13 of 2nd period - Slapshot by Andreas Englund.
3:13 of 2nd period - Stopped by Jake Allen with a rebound.
3:15 of 2nd period - Snap shot by Lucas Wallmark.
3:15 of 2nd period - Deflect By Lars Eller.
3:15 of 2nd period - Stopped by Jake Allen without a rebound.
3:16 of 2nd period - Scott Laughton wins face-off versus Daultan Leveillé in Reign zone.
4:28 of 2nd period - Joel Armia is hit by Daultan Leveillé and loses puck.
4:35 of 2nd period - Griffin Reinhart is hit by Nicolas Kerdiles and loses puck.
4:53 of 2nd period - Lars Eller is hit by T.J Brodie and loses puck.
6:00 of 2nd period - T.J Brodie is hit by Alex Iafallo and loses puck.
6:44 of 2nd period - Off-side.
6:45 of 2nd period - Sergey Kalinin wins face-off versus Lucas Wallmark in neutral zone.
6:54 of 2nd period - Griffin Reinhart is hit by Mat Clark and loses puck.
7:21 of 2nd period - Snap shot by Brett Connolly.
7:21 of 2nd period - Shot Misses the Net.
8:07 of 2nd period - Snap shot by Nicolas Deslauriers.
8:07 of 2nd period - Stopped by Jake Allen with a rebound.
8:09 of 2nd period - Slapshot by Mat Clark.
8:09 of 2nd period - Shot Blocked by Griffin Reinhart.
8:11 of 2nd period - Slapshot by Mat Clark.
8:11 of 2nd period - Shot Misses the Net.
8:13 of 2nd period - Snap shot by Nicolas Deslauriers.
8:13 of 2nd period - Shot Misses the Net.
8:15 of 2nd period - Slapshot by Lucas Wallmark.
8:15 of 2nd period - Goal by Lucas Wallmark - Admirals : 4 - Reign : 3.
8:16 of 2nd period - Daultan Leveillé wins face-off versus Scott Laughton in neutral zone.
8:20 of 2nd period - Minor Penalty to Scott Laughton for Slashing.
8:21 of 2nd period - Daultan Leveillé wins face-off versus Anton Gustafsson in Admirals zone.
8:21 of 2nd period - Snap shot by Ryan Hartman.
8:21 of 2nd period - Shot Misses the Net.
8:31 of 2nd period - Wrist shot by Alex Iafallo.
8:31 of 2nd period - Shot Blocked by T.J Brodie.
8:53 of 2nd period - T.J Brodie is hit by Jonathan Drouin and loses puck.
9:04 of 2nd period - Minor Penalty to Daultan Leveillé for Tripping.
9:05 of 2nd period - Jonathan Drouin wins face-off versus Freddie Hamilton in Reign zone.
9:14 of 2nd period - Snap shot by Ryan Hartman.
9:14 of 2nd period - Shot Blocked by Mat Clark.
9:52 of 2nd period - Slapshot by Mark Stone.
9:52 of 2nd period - Deflect By Nicolas Deslauriers.
9:52 of 2nd period - Stopped by Niklas Svedberg without a rebound.
9:53 of 2nd period - Mark McNeill wins face-off versus Jonathan Drouin in Admirals zone.
10:15 of 2nd period - Icing by Josh Morrissey.
10:16 of 2nd period - Mikko Rantanen wins face-off versus Freddie Hamilton in Admirals zone.
10:19 of 2nd period - Wrist shot by Mikko Rantanen.
10:19 of 2nd period - Stopped by Niklas Svedberg with a rebound.
10:20 of 2nd period - Penalty to Scott Laughton is over, Scott Laughton is back on ice.
10:27 of 2nd period - Wrist shot by Mark Stone.
10:27 of 2nd period - Shot Misses the Net.
11:03 of 2nd period - Snap shot by Nicolas Kerdiles.
11:03 of 2nd period - Stopped by Jake Allen without a rebound.
11:04 of 2nd period - Penalty to Daultan Leveillé is over, Daultan Leveillé is back on ice.
11:04 of 2nd period - Markus Granlund wins face-off versus Daultan Leveillé in Reign zone.
12:42 of 2nd period - Snap shot by Mark McNeill.
12:42 of 2nd period - Shot Misses the Net.
12:57 of 2nd period - Icing by Alex Iafallo.
12:58 of 2nd period - Lars Eller wins face-off versus Anton Gustafsson in Reign zone.
13:05 of 2nd period - Wrist shot by Lars Eller.
13:05 of 2nd period - Shot Misses the Net.
13:07 of 2nd period - Snap shot by Jonathan Drouin.
13:07 of 2nd period - Shot Misses the Net.
13:11 of 2nd period - Wrist shot by Ryan Hartman.
13:11 of 2nd period - Shot Misses the Net.
13:25 of 2nd period - Zach Werenski is hit by Scott Laughton and loses puck.
13:34 of 2nd period - Wrist shot by Nicolas Kerdiles.
13:34 of 2nd period - Stopped by Jake Allen with a rebound.
13:50 of 2nd period - Backhand shot by Markus Granlund.
13:50 of 2nd period - Shot Misses the Net.
13:52 of 2nd period - Snap shot by Markus Granlund.
13:52 of 2nd period - Stopped by Jake Allen with a rebound.
13:54 of 2nd period - Snap shot by Mark McNeill.
13:54 of 2nd period - Stopped by Jake Allen with a rebound.
14:34 of 2nd period - Snap shot by Zach Werenski.
14:34 of 2nd period - Stopped by Niklas Svedberg without a rebound.
14:35 of 2nd period - Scott Laughton wins face-off versus Alex Iafallo in Admirals zone.
14:44 of 2nd period - Slapshot by Nicolas Kerdiles.
14:44 of 2nd period - Shot Misses the Net.
14:46 of 2nd period - Slapshot by Nicolas Kerdiles.
14:46 of 2nd period - Shot Blocked by Mikko Rantanen.
14:48 of 2nd period - Snap shot by Josh Morrissey.
14:48 of 2nd period - Shot Misses the Net.
14:50 of 2nd period - Wrist shot by Scott Laughton.
14:50 of 2nd period - Shot Misses the Net.
15:00 of 2nd period - Mark McNeill is hit by Griffin Reinhart and loses puck.
15:30 of 2nd period - Minor Penalty to Chris Lawrence for Tripping.
15:31 of 2nd period - Jonathan Drouin wins face-off versus Anton Gustafsson in Admirals zone.
15:31 of 2nd period - Slapshot by Mikko Rantanen.
15:31 of 2nd period - Shot Misses the Net.
15:39 of 2nd period - Wrist shot by Jonathan Drouin.
15:39 of 2nd period - Shot Misses the Net.
15:41 of 2nd period - Slapshot by Mikko Rantanen.
15:41 of 2nd period - Deflect By Jonathan Drouin.
15:41 of 2nd period - Goal by Jonathan Drouin - Admirals : 4 - Reign : 4.
15:42 of 2nd period - Scott Laughton wins face-off versus Daultan Leveillé in neutral zone.
16:14 of 2nd period - Snap shot by Lars Eller.
16:14 of 2nd period - Stopped by Niklas Svedberg with a rebound.
16:40 of 2nd period - Snap shot by Chris Lawrence.
16:40 of 2nd period - Shot Misses the Net.
17:13 of 2nd period - Off-side.
17:14 of 2nd period - Mike Amadio wins face-off versus Scott Laughton in neutral zone.
17:17 of 2nd period - Snap shot by Griffin Reinhart.
17:17 of 2nd period - Shot Misses the Net.
17:23 of 2nd period - Slapshot by Griffin Reinhart.
17:23 of 2nd period - Stopped by Niklas Svedberg with a rebound.
17:25 of 2nd period - Slapshot by Josh Manson.
17:25 of 2nd period - Shot Blocked by Mattias Backman.
17:27 of 2nd period - Slapshot by Griffin Reinhart.
17:27 of 2nd period - Shot Misses the Net.
17:29 of 2nd period - Slapshot by Mike Amadio.
17:29 of 2nd period - Shot Blocked by Nicolas Kerdiles.
18:01 of 2nd period - Backhand shot by Mark Stone.
18:01 of 2nd period - Shot Misses the Net.
18:26 of 2nd period - Dmitri Orlov is hit by Nicolas Deslauriers and loses puck.
19:35 of 2nd period - Griffin Reinhart is hit by Anton Gustafsson and loses puck.
19:58 of 2nd period - Wrist shot by Lars Eller.
19:58 of 2nd period - Shot Misses the Net.
Goals for this period are 1 for Admirals vs 1 for Reign.
Shots for this period are 8 for Admirals vs 6 for Reign.
3rd period
0:01 of 3rd period - Daultan Leveillé wins face-off versus Scott Laughton in neutral zone.
0:26 of 3rd period - Nikita Zadorov is hit by Markus Granlund and loses puck.
1:30 of 3rd period - Mike Amadio is hit by Scott Laughton and loses puck.
1:57 of 3rd period - Snap shot by Brendan Lemieux.
1:57 of 3rd period - Goal by Brendan Lemieux - Admirals : 4 - Reign : 5.
1:58 of 3rd period - Scott Laughton wins face-off versus Mikko Rantanen in neutral zone.
2:01 of 3rd period - Wrist shot by Joel Armia.
2:01 of 3rd period - Deflect By Scott Laughton.
2:01 of 3rd period - Goal by Scott Laughton - Admirals : 5 - Reign : 5.
2:02 of 3rd period - Scott Laughton wins face-off versus Daultan Leveillé in neutral zone.
2:09 of 3rd period - Slapshot by Scott Laughton.
2:09 of 3rd period - Shot Blocked by Nikita Zadorov.
2:11 of 3rd period - Snap shot by Joel Armia.
2:11 of 3rd period - Shot Blocked by Daultan Leveillé.
2:13 of 3rd period - Snap shot by Joel Armia.
2:13 of 3rd period - Stopped by Jake Allen without a rebound.
2:14 of 3rd period - Daultan Leveillé wins face-off versus Scott Laughton in Reign zone.
2:14 of 3rd period - Daultan Leveillé is hit by Nicolas Kerdiles.
2:19 of 3rd period - Minor Penalty to Nicolas Kerdiles for Diving.
2:20 of 3rd period - Anton Gustafsson wins face-off versus Jonathan Drouin in Admirals zone.
2:43 of 3rd period - Anton Gustafsson is hit by Jonathan Drouin.
3:06 of 3rd period - Icing by Daultan Leveillé.
3:07 of 3rd period - Brendan Lemieux wins face-off versus Anton Gustafsson in Reign zone.
3:18 of 3rd period - Slapshot by Zach Werenski.
3:18 of 3rd period - Stopped by Niklas Svedberg with a rebound.
3:20 of 3rd period - Wrist shot by Griffin Reinhart.
3:20 of 3rd period - Shot Blocked by Lucas Wallmark.
3:22 of 3rd period - Snap shot by Alex Iafallo.
3:22 of 3rd period - Stopped by Niklas Svedberg without a rebound.
3:23 of 3rd period - Daultan Leveillé wins face-off versus Anton Gustafsson in Admirals zone.
3:24 of 3rd period - Snap shot by Ryan Hartman.
3:24 of 3rd period - Stopped by Niklas Svedberg with a rebound.
3:38 of 3rd period - Wrist shot by Ryan Hartman.
3:38 of 3rd period - Stopped by Niklas Svedberg without a rebound.
3:39 of 3rd period - Anton Gustafsson wins face-off versus Jonathan Drouin in Admirals zone.
4:19 of 3rd period - Penalty to Nicolas Kerdiles is over, Nicolas Kerdiles is back on ice.
4:27 of 3rd period - Snap shot by Nicolas Kerdiles.
4:27 of 3rd period - Shot Misses the Net.
4:43 of 3rd period - Snap shot by Markus Granlund.
4:43 of 3rd period - Stopped by Jake Allen with a rebound.
4:45 of 3rd period - Wrist shot by Josh Morrissey.
4:45 of 3rd period - Deflect By Dmitri Orlov.
4:45 of 3rd period - Stopped by Jake Allen without a rebound.
4:46 of 3rd period - Daultan Leveillé wins face-off versus Joel Armia in Reign zone.
4:51 of 3rd period - Backhand shot by Josh Manson.
4:51 of 3rd period - Shot Misses the Net.
4:53 of 3rd period - Slapshot by Griffin Reinhart.
4:53 of 3rd period - Stopped by Niklas Svedberg with a rebound.
4:57 of 3rd period - Wrist shot by Mikko Rantanen.
4:57 of 3rd period - Stopped by Niklas Svedberg without a rebound.
4:58 of 3rd period - Daultan Leveillé wins face-off versus Scott Laughton in Admirals zone.
5:07 of 3rd period - Snap shot by Mikko Rantanen.
5:07 of 3rd period - Stopped by Niklas Svedberg without a rebound.
5:08 of 3rd period - Scott Laughton wins face-off versus Daultan Leveillé in Admirals zone.
5:44 of 3rd period - Joel Armia is hit by Daultan Leveillé.
6:16 of 3rd period - Backhand shot by Mikko Rantanen.
6:16 of 3rd period - Deflect By Joel Armia.
6:16 of 3rd period - Stopped by Niklas Svedberg without a rebound.
6:17 of 3rd period - Markus Granlund wins face-off versus Lars Eller in Admirals zone.
6:17 of 3rd period - Markus Granlund is hit by Nikita Zadorov.
6:33 of 3rd period - Mark McNeill is hit by Lars Eller and loses puck.
6:52 of 3rd period - Wrist shot by Mark Stone.
6:52 of 3rd period - Stopped by Niklas Svedberg with a rebound.
6:54 of 3rd period - Slapshot by Nikita Zadorov.
6:54 of 3rd period - Stopped by Niklas Svedberg with a rebound.
7:15 of 3rd period - Off-side.
7:16 of 3rd period - Markus Granlund wins face-off versus Lars Eller in neutral zone.
7:37 of 3rd period - Minor Penalty to Mattias Backman for Interference.
7:38 of 3rd period - Anton Gustafsson wins face-off versus Jonathan Drouin in Admirals zone.
7:51 of 3rd period - Slapshot by Mikko Rantanen.
7:51 of 3rd period - Shot Blocked by Anton Gustafsson.
7:53 of 3rd period - Slapshot by Griffin Reinhart.
7:53 of 3rd period - Shot Misses the Net.
8:11 of 3rd period - Markus Granlund is hit by Zach Werenski and loses puck.
9:37 of 3rd period - Penalty to Mattias Backman is over, Mattias Backman is back on ice.
9:52 of 3rd period - Slapshot by Josh Anderson.
9:52 of 3rd period - Shot Misses the Net.
10:04 of 3rd period - Jordan Greenway is hit by Markus Granlund and loses puck.
10:11 of 3rd period - Slapshot by Markus Granlund.
10:11 of 3rd period - Shot Blocked by Mark Stone.
10:13 of 3rd period - Slapshot by Andreas Englund.
10:13 of 3rd period - Shot Misses the Net.
10:15 of 3rd period - Wrist shot by Mark McNeill.
10:15 of 3rd period - Shot Blocked by Mark Stone.
10:39 of 3rd period - Slapshot by Anton Gustafsson.
10:39 of 3rd period - Shot Misses the Net.
10:41 of 3rd period - Wrist shot by Chris Lawrence.
10:41 of 3rd period - Shot Misses the Net.
11:04 of 3rd period - Griffin Reinhart is hit by Mat Clark and loses puck.
11:57 of 3rd period - Mike Amadio is hit by Nicolas Kerdiles and loses puck.
12:06 of 3rd period - Nicolas Kerdiles is hit by Jordan Greenway.
12:18 of 3rd period - Jonathan Drouin is hit by Nicolas Deslauriers and loses puck.
12:43 of 3rd period - Alex Iafallo is hit by Markus Granlund and loses puck.
12:50 of 3rd period - Snap shot by Markus Granlund.
12:50 of 3rd period - Shot Misses the Net.
13:23 of 3rd period - Joel Armia is hit by Jonathan Drouin and loses puck.
15:20 of 3rd period - Alex Iafallo is hit by Brett Connolly and loses puck.
15:35 of 3rd period - Slapshot by Scott Laughton.
15:35 of 3rd period - Shot Misses the Net.
15:49 of 3rd period - T.J Brodie is hit by Mikko Rantanen and loses puck.
17:19 of 3rd period - Snap shot by Mike Amadio.
17:19 of 3rd period - Stopped by Niklas Svedberg with a rebound.
17:21 of 3rd period - Slapshot by Brendan Lemieux.
17:21 of 3rd period - Shot Blocked by Carl Dahlstrom.
17:23 of 3rd period - Slapshot by Josh Manson.
17:23 of 3rd period - Shot Blocked by Carl Dahlstrom.
17:25 of 3rd period - Slapshot by Mark Stone.
17:25 of 3rd period - Shot Blocked by Trevor Van Riemsdyk.
Goals for this period are 1 for Admirals vs 1 for Reign.
Shots for this period are 4 for Admirals vs 12 for Reign.
Overtime #1
0:01 of 1st overtime period - Daultan Leveillé wins face-off versus Scott Laughton in neutral zone.
0:04 of 1st overtime period - Scott Laughton is hit by Daultan Leveillé and loses puck.
0:13 of 1st overtime period - Snap shot by Nicolas Kerdiles.
0:13 of 1st overtime period - Deflect By Scott Laughton.
0:13 of 1st overtime period - Stopped by Jake Allen without a rebound.
0:14 of 1st overtime period - Jonathan Drouin wins face-off versus Scott Laughton in Reign zone.
0:19 of 1st overtime period - Backhand shot by Zach Werenski.
0:19 of 1st overtime period - Stopped by Niklas Svedberg with a rebound.
0:21 of 1st overtime period - Wrist shot by Jonathan Drouin.
0:21 of 1st overtime period - Goal by Jonathan Drouin - Admirals : 5 - Reign : 6.
Goals for this period are 0 for Admirals vs 1 for Reign.
Shots for this period are 1 for Admirals vs 2 for Reign.